 Dungeon Crawl Stone Soup version 0.23-a0-73-g64c3ba73d4 (webtiles) character file.

172360 GordonOverkill the Hawkeye (level 17, -6/156 HPs)
             Began as a Minotaur Hunter on Aug 10, 2018.
             Was a High Priest of Okawaru.
             Killed from afar by a shadow dragon (16 damage)
             ... with a bolt of negative energy
             ... on level 3 of the Abyss.
             The game lasted 01:43:00 (44485 turns).

GordonOverkill the Hawkeye (Minotaur Hunter)       Turns: 44485, Time: 01:43:00

Health: -6/156     AC: 25    Str: 22    XL:     17   Next: 41%
Magic:  14/19      EV: 13    Int:  8    God:    Okawaru [*****.]
Gold:   609        SH: 21    Dex: 22    Spells: 16/16 levels left

rFire    + . .     SeeInvis .   L - +9 rapier of the Orcish Mines {protect, Str+6}
rCold    + . .     Gourm    .   s - +2 shield
rNeg     . . .     Faith    .   Q - +2 storm dragon scales
rPois    +         Spirit   .   y - +0 hat "Duihuonk" {*Drain rF+ Dex+5 Stlth+} (curse)
rElec    +         Reflect  +   D - +2 cloak {rC+}
rCorr    .         Harm     .   w - +0 pair of gloves {archery}
MR       +....     Rnd*Rage +   u - +0 pair of boots {run} Stlth +.........Rnd*Tele +
                                h - +4 amulet of reflection
HPRegen  0.36/turn              m - ring of poison resistance
MPRegen  0.16/turn              B - +1 ring of slaying

@: lethally poisoned (-6 -> -6), about to teleport, heroism, finesse, very
slightly contaminated, very heavily drained, quick
A: retaliatory headbutt, horns 2, berserk 1, clumsy 1, teleportitis 1
a: Heroism, Finesse, Renounce Religion


You were on level 3 of the Abyss.
You worshipped Okawaru.
Okawaru was extremely pleased with you.
You were not hungry.

You visited 4 branches of the dungeon, and saw 27 of its levels.
You visited the Abyss 1 time.
You visited 1 bazaar.
You also visited: Ice Cave and Volcano.

You collected 3054 gold pieces.
You spent 2445 gold pieces at shops.

Inventory:

Hand Weapons
 L - the +9 rapier of the Orcish Mines (weapon) {protect, Str+6}
   (You found it on level 9 of the Dungeon)

   It protects the one who uses it against injury (+AC on strike).
   It affects your strength (+6).
Missiles
 j - 9 stones
 p - 9 javelins of penetration
 I - 19 tomahawks of returning (quivered)
 N - a throwing net
 O - 2 exploding tomahawks
 R - 4 poisoned tomahawks
 S - 8 poisoned javelins
 V - 3 steel tomahawks
 W - 8 steel javelins
 Z - 17 tomahawks
Armour
 s - a +2 shield (worn)
 u - a +0 pair of boots of running (worn)
 w - a +0 pair of gloves of archery (worn)
 y - the cursed +0 hat "Duihuonk" (worn) {*Drain rF+ Dex+5 Stlth+}
   (You found it in an ice cave)

   It affects your dexterity (+5).
   It protects you from fire.
   It causes draining when unequipped.
   It makes you more stealthy.
   It has a curse placed upon it.
 D - a +2 cloak of cold resistance (worn)
 Q - +2 storm dragon scales (worn)
Jewellery
 h - a +4 amulet of reflection (around neck)
 m - a ring of poison resistance (left hand)
 B - a +1 ring of slaying (right hand)
 T - an uncursed ring of protection from fire
Wands
 a - a wand of scattershot (6)
 z - a wand of paralysis (43)
 J - a wand of clouds (11)
 M - a wand of flame (51)
 U - a wand of digging (5)
Scrolls
 b - 5 scrolls of fog
 c - 7 scrolls of identify
 e - 7 scrolls of magic mapping
 g - a scroll of blinking
 i - 4 scrolls of holy word
 k - 3 scrolls of fear
 l - 15 scrolls of teleportation
 n - 4 scrolls of immolation
 o - 3 scrolls of enchant weapon
 v - 16 scrolls of remove curse
Potions
 q - 2 potions of berserk rage
 r - 2 potions of heal wounds
 t - 12 potions of curing
 A - 2 potions of mutation
 C - 2 potions of resistance
 E - 2 potions of haste
 H - 2 potions of invisibility
 K - 5 potions of agility
 P - a potion of cancellation
 X - 6 potions of might
 Y - 4 potions of flight
Comestibles
 f - 40 rations


   Skills:
 - Level 15.0(15.3) Fighting
 + Level 21.3(21.0) Throwing
 + Level 13.6(14.0) Armour
 - Level 5.0(6.2) Dodging
 - Level 0.7(2.3) Stealth
 - Level 15.0(15.3) Shields
 - Level 5.0(1.7) Invocations


You had 16 spell levels left.
You didn't know any spells.
Your spell library contained the following spells:

 Spells                   Type           Power        Failure   Level  Hunger
 Cause Fear               Hex            #.........   100%        4    #####..
 Apportation              Tloc           #.....       91%         1    ##.....
 Lightning Bolt           Conj/Air       #.........   100%        5    ######.
 Slow                     Hex            #.......     97%         2    ###....
 Confuse                  Hex            #.......     100%        3    ####...
 Death's Door             Chrm/Necr      #.........   100%        8    #######
 Summon Small Mammal      Summ           #...         91%         1    ##.....
 Pain                     Necr           #...         91%         1    ##.....
 Animate Skeleton         Necr           N/A          91%         1    ##.....
 Haunt                    Necr/Summ      #.........   100%        7    #######
 Borgnjor's Revivificati  Necr           #.........   100%        8    #######
 Tukima's Dance           Hex            #.......     100%        3    ####...
 Shock                    Conj/Air       #...         91%         1    ##.....
 Swiftness                Chrm/Air       #.......     97%         2    ###....
 Agony                    Necr           #.......     100%        5    ######.
 Necromutation            Tmut/Necr      #.........   100%        8    #######
 Airstrike                Air            #.........   100%        4    #####..
 Confusing Touch          Hex            #.....       91%         1    ##.....
 Ensorcelled Hibernation  Hex/Ice        #.....       97%         2    ###....
 Metabolic Englaciation   Hex/Ice        #.........   100%        5    ######.
 Static Discharge         Conj/Air       #.......     100%        3    ####...
 Corona                   Hex            #......      91%         1    ##.....
 Portal Projectile        Hex/Tloc       #.....       100%        3    ####...
 Petrify                  Tmut/Erth      #.......     100%        4    #####..
 Malign Gateway           Summ/Tloc      #.........   100%        7    #######
 Leda's Liquefaction      Hex/Erth       #.........   100%        4    #####..
 Inner Flame              Hex/Fire       #.......     100%        3    ####...
 Dazzling Spray           Conj/Hex       #.....       100%        3    ####...
 Summon Mana Viper        Hex/Summ       #.......     100%        5    ######.
 Gell's Gravitas          Tloc           #.........   100%        3    ####...
 Yara's Violent Unravell  Hex/Tmut       #.........   100%        5    ######.
 Infestation              Necr           #.........   100%        8    #######


Dungeon Overview and Level Annotations

Branches:
Dungeon (15/15)            Temple (0/1) D:6            Lair (6/6) D:11
 Shoals (0/4) Lair:2        Snake (4/4) Lair:3        Slime (0/5) Lair:6
    Orc (2/2) D:11            Elf (0/3) Orc:2        Vaults (0/5) D:14
 Depths (0/5) D:15

Altars:
Cheibriados
Dithmenos
Fedhas
Hepliaklqana
Okawaru
Qazlal
Vehumet
Xom
Yredelemnul
The Shining One
Beogh
Jiyva

Shops:
D:5 [   D:6 }[   Orc:2 [*%**

Annotations:
D:10 1 runed door, IcyTea's ghost, journeyman DrFE
Lair:1 3 runed doors, Htamos's ghost, journeyman VSFi
Lair:6 1 runed door
Snake:4 Louise


Innate Abilities, Weirdness & Mutations

You reflexively headbutt those who attack you in melee.
You have a pair of horns on your head.
You tend to lose your temper in combat.
You are clumsy. (Dex -2)
You are occasionally teleported next to monsters.


Message History

The rakshasa weaves an illusion.
The apocalypse crab shimmers and seems to become two!
Blink to where?
Press: ? - help, Dir - move target cursor
As you read the scroll of blinking, it crumbles to dust.
Okay, then.
As you read the scroll of teleportation, it crumbles to dust.
You feel strangely unstable.
You feel the power of the Abyss delaying your translocation!
You feel sick.
A bolt of negative energy appears from out of thin air!
The bolt of negative energy misses you. Something bites you.
Something claws you but does no damage. x2
You feel sick.
A bolt of negative energy appears from out of thin air!
The bolt of negative energy hits you!
You feel drained.
* * * LOW HITPOINT WARNING * * *
A bolt of negative energy appears from out of thin air!
The bolt of negative energy hits you!
You feel drained.
You die...

## ... %. .........
.... ..... #...
##......## .. ((
#.......... (.(
#.........( ..(.(
#........... .
####......... . . .
#..@.......t. . .
#..{..t....t... . ..
#...##R.....##.....
##{..# .t.... # ..._
#.#..t.######.###.#..
#......# ########


You could see a rakshasa and 3 apocalypse crabs.

Vanquished Creatures
  Rupert (Lair:4)
  A tentacled starspawn (Abyss:3)
  5 nagarajas (Snake:4)
  A frost giant (IceCv)
  An emperor scorpion (D:15)
  The ghost of Hiprih the Thaumaturge, a journeyman DsFE of Vehumet (Snake:1)
  A dire elephant (D:15)
  Snorg (Lair:4)
  An ettin (Orc:2)
  Josephine (D:11)
  10 naga warriors
  5 hydras
  5 anacondas
  3 catoblepae (Lair:6)
  A death knight (D:15)
  20 two-headed ogres
  7 death yaks (Lair:6)
  4 ogre magi
  10 naga sharpshooters
  4 shock serpents
  Urug (D:11)
  4 thrashing horrors (Abyss:3)
  A sixfirhy (Abyss:3)
  3 deep trolls
  2 salamander mystics (Snake:1)
  4 naga ritualists
  2 unseen horrors
  A sea snake (Snake:3)
  A wizard (D:14)
  8 mana vipers
  A necromancer (D:14)
  2 orc knights
  An oklob plant (Lair:3)
  2 orc sorcerers
  5 ugly things
  6 manticores
  5 cyclopes
  14 salamanders
  14 elephants
  A guardian serpent (Snake:4)
  30 black mambas
  2 ice statues (IceCv)
  Maurice (D:8)
  A guardian serpent (shapeshifter) (D:14)
  14 naga magi
  A gargoyle (D:14)
  4 torpor snails (Lair:4)
  3 spiny frogs
  2 smoke demons
  3 large abominations (Abyss:3)
  A centaur skeleton (D:14)
  4 komodo dragons
  2 freezing wraiths (D:15)
  2 rime drakes
  2 ice devils (D:11)
  A yaktaur (D:15)
  2 kobold demonologists
  3 red devils (Volcano)
  16 polar bears (IceCv)
  9 trolls
  Prince Ribbit (D:6)
  13 hippogriffs
  A harpy skeleton (D:15)
  7 blink frogs
  4 raiju (Abyss:3)
  3 slime creatures (D:14)
  A ynoxinul (Abyss:3)
  3 wyverns
  Eustachio (D:6)
  7 wraiths
  6 basilisks
  7 fire bats (Volcano)
  71 yaks
  5 vampire mosquitoes
  2 neqoxecs (Abyss:3)
  Edmund (D:4)
  4 small abominations (Abyss:3)
  54 nagas
  2 hungry ghosts
  3 wargs
  An acid dragon (D:15)
  6 porcupines
  19 water moccasins
  A hell hound (Volcano)
  2 ice beasts (D:12)
  3 black bears
  25 orc warriors
  3 sky beasts
  A phantom (D:9)
  An eye of draining (D:11)
  31 wolves
  29 ogres
  2 centaurs
  15 crocodiles
  3 big kobolds
  Blork the orc (D:8)
  9 bullfrogs
  A wyvern skeleton (D:7)
  5 killer bees (D:8)
  2 vampire bats (Lair:3)
  11 wights
  3 howler monkeys
  An electric eel (Lair:2)
  13 crimson imps
  A quasit (D:14)
  A centaur zombie (D:4)
  6 lava snakes (Volcano)
  6 jellies
  2 bullfrog zombies
  16 orc priests
  6 hounds
  27 orc wizards
  2 iguanas
  11 worker ants
  A hound zombie (D:11)
  2 worker ant zombies
  9 adders
  4 shadow imps
  An ooze (D:1)
  An adder zombie (D:5)
  An adder skeleton (D:6)
  4 worms
  3 dart slugs
  5 leopard geckos
  78 orcs
  5 ball pythons
  12 bats
  4 giant cockroaches
  9 goblins
  7 hobgoblins
  4 jackals (D:5)
  14 kobolds
  4 quokkas
  3 frilled lizards
  A jackal zombie (D:5)
  2 leopard gecko skeletons (D:4)
  A leopard gecko zombie (D:5)
  A quokka skeleton (D:9)
  11 rats
  A lurking horror (Abyss:3)
  3 plants
  A starspawn tentacle (Abyss:3)
918 creatures vanquished.

Vanquished Creatures (others)
  A thrashing horror (Abyss:3)
  2 naga sharpshooters
  A cyclops (D:15)
  2 black mambas (Snake:4)
  A naga mage (Snake:4)
  An orc (D:9)
  8 fungi
  4 plants
  A starspawn tentacle (Abyss:3)
  2 withered plants (D:10)
23 creatures vanquished.

Grand Total: 941 creatures vanquished

Notes
Turn   | Place    | Note
-------+----------+-------------------------------------------
     0 | D:1      | GordonOverkill the Minotaur Hunter began the quest for the Orb.
     0 | D:1      | Reached XP level 1. HP: 18/18 MP: 0/0
   300 | D:1      | Reached XP level 2. HP: 25/25 MP: 1/1
   348 | D:1      | Reached skill level 1 in Armour
   823 | D:2      | Reached XP level 3. HP: 30/30 MP: 2/2
  1355 | D:2      | Reached XP level 4. HP: 10/38 MP: 3/3
  2505 | D:3      | Noticed an ogre
  2512 | D:3      | Killed an ogre
  2512 | D:3      | Reached skill level 5 in Throwing
  2512 | D:3      | Reached XP level 5. HP: 46/46 MP: 4/4
  3358 | D:4      | Reached XP level 6. HP: 44/52 MP: 5/5
  3617 | D:4      | Found an iron altar of Okawaru.
  3628 | D:4      | Found a basalt altar of Yredelemnul.
  3630 | D:4      | Found a radiant altar of Vehumet.
  3630 | D:4      | Found a shadowy altar of Dithmenos.
  3632 | D:4      | Found a snail-covered altar of Cheibriados.
  3633 | D:4      | Found a stormy altar of Qazlal.
  3636 | D:4      | Became a worshipper of Warmaster Okawaru
  3688 | D:4      | Noticed Edmund
  3725 | D:4      | HP: 2/52 [Edmund/flail of holy wrath (9)]
  3730 | D:4      | Killed Edmund
  3730 | D:4      | Reached skill level 6 in Throwing
  4126 | D:4      | Found a burning altar of Makhleb.
  4128 | D:4      | Found a glowing golden altar of the Shining One.
  4128 | D:4      | Found a basalt altar of Yredelemnul.
  4130 | D:4      | Found a shimmering altar of Xom.
  4130 | D:4      | Found an iron altar of Okawaru.
  4130 | D:4      | Found a snail-covered altar of Cheibriados.
  4202 | D:4      | Reached XP level 7. HP: 60/60 MP: 6/6
  4237 | D:5      | Entered Level 5 of the Dungeon
  4258 | D:5      | Reached skill level 1 in Invocations
  4712 | D:5      | Reached skill level 5 in Fighting
  4737 | D:5      | Reached * piety under Okawaru
  5058 | D:5      | Found Woasaaj's Antique Armour Shoppe.
  5063 | D:5      | Bought a runed chain mail for 232 gold pieces
  5300 | D:6      | Noticed a two-headed ogre
  5456 | D:6      | Noticed Eustachio
  5505 | D:6      | Killed Eustachio
  5505 | D:6      | Reached skill level 7 in Throwing
  5505 | D:6      | Reached XP level 8. HP: 28/69 MP: 8/8
  5707 | D:6      | Noticed Prince Ribbit
  5794 | D:6      | Killed Prince Ribbit
  5794 | D:6      | Reached ** piety under Okawaru
  5794 | D:6      | Reached skill level 5 in Dodging
  5926 | D:6      | Found a staircase to the Ecumenical Temple.
  5977 | D:6      | Found Nitenarr's Armour Shop.
  6007 | D:6      | Bought a +0 pair of gloves for 63 gold pieces
  6079 | D:6      | Reached skill level 5 in Armour
  6109 | D:6      | Found Geycunol's Gadget Shop.
  6287 | D:6      | Killed a two-headed ogre
  6287 | D:6      | Reached *** piety under Okawaru
  6287 | D:6      | Reached skill level 8 in Throwing
  6287 | D:6      | Reached XP level 9. HP: 58/78 MP: 7/10
  6863 | D:7      | Found a hazy altar of Hepliaklqana.
  7732 | D:8      | Noticed Maurice
  7760 | D:8      | Killed Maurice
  7760 | D:8      | Reached skill level 9 in Throwing
  7901 | D:8      | Reached **** piety under Okawaru
  7993 | D:8      | Noticed Blork the orc
  8011 | D:8      | Reached skill level 5 in Invocations
  8024 | D:8      | Killed Blork the orc
  8024 | D:8      | Received a gift from Okawaru
  8465 | D:8      | Reached skill level 1 in Shields
  8827 | D:8      | Found a glowing golden altar of the Shining One.
  9050 | D:9      | Noticed a two-headed ogre
  9058 | D:9      | Killed a two-headed ogre
  9058 | D:9      | Received a gift from Okawaru
  9058 | D:9      | Received a gift from Okawaru
  9058 | D:9      | Reached skill level 10 in Throwing
  9058 | D:9      | Reached XP level 10. HP: 88/88 MP: 9/12
  9101 | D:9      | Noticed a manticore
  9121 | D:9      | Killed a manticore
  9437 | D:9      | Got a smoking rapier
  9438 | D:9      | Identified the +9 rapier of the Orcish Mines {protect, Str+6} (You found it on level 9 of the Dungeon)
  9686 | D:9      | Found a runed door.
  9918 | D:9      | Found a roughly hewn altar of Beogh.
  9938 | D:9      | Reached XP level 11. HP: 86/94 MP: 13/13
  9992 | D:10     | Entered Level 10 of the Dungeon
 10263 | D:10     | Found a runed door.
 10273 | D:10     | Noticed IcyTea's ghost (journeyman DrFE)
 10789 | D:10     | Received a gift from Okawaru
 10884 | D:10     | Reached skill level 11 in Throwing
 11149 | D:11     | Killed an unseen horror
 11154 | D:11     | Noticed Josephine
 11173 | D:11     | Killed Josephine
 11415 | D:11     | Received a gift from Okawaru
 11416 | D:11     | Found a frozen archway.
 11447 | IceCv    | Entered an ice cave
 11644 | IceCv    | Received a gift from Okawaru
 11653 | IceCv    | Reached skill level 12 in Throwing
 11797 | IceCv    | Reached XP level 12. HP: 102/102 MP: 14/14
 12188 | IceCv    | Reached ***** piety under Okawaru
 12302 | IceCv    | Received a gift from Okawaru
 12698 | IceCv    | Noticed a frost giant
 12727 | IceCv    | Received a gift from Okawaru
 12727 | IceCv    | Reached skill level 13 in Throwing
 12757 | IceCv    | Killed a frost giant
 12757 | IceCv    | Received a gift from Okawaru
 13097 | IceCv    | Got a faintly glowing hat
 13103 | IceCv    | Identified the cursed +0 hat "Duihuonk" {*Drain rF+ Dex+5 Stlth+} (You found it in an ice cave)
 13579 | D:11     | Found a staircase to the Orcish Mines.
 14016 | D:11     | Found a staircase to the Lair.
 14037 | D:11     | Noticed Urug
 14049 | D:11     | Killed Urug
 14547 | Lair:1   | Entered Level 1 of the Lair of Beasts
 14560 | Lair:1   | Noticed an eight-headed hydra
 14566 | Lair:1   | Killed an eight-headed hydra
 14566 | Lair:1   | Reached skill level 14 in Throwing
 14665 | Lair:1   | Found a runed gate.
 14665 | Lair:1   | Found a runed gate.
 14665 | Lair:1   | Found a runed gate.
 14666 | Lair:1   | Noticed Htamos's ghost (journeyman VSFi)
 14962 | Lair:1   | Received a gift from Okawaru
 14963 | Lair:1   | Reached XP level 13. HP: 107/107 MP: 15/15
 16549 | Lair:2   | Found a staircase to the Shoals.
 16561 | Lair:2   | Received a gift from Okawaru
 16561 | Lair:2   | Reached skill level 15 in Shields
 16999 | Lair:3   | Reached skill level 15 in Throwing
 17325 | Lair:3   | Received a gift from Okawaru
 17391 | Lair:3   | Found a blossoming altar of Fedhas.
 18220 | Lair:3   | Found a staircase to the Snake Pit.
 18855 | Lair:4   | Noticed Rupert
 18868 | Lair:4   | Killed Rupert
 18868 | Lair:4   | Reached skill level 16 in Throwing
 19020 | Lair:4   | Noticed Snorg
 19039 | Lair:4   | Killed Snorg
 19611 | Lair:4   | Found a snail-covered altar of Cheibriados.
 19640 | Lair:4   | Reached XP level 14. HP: 114/115 MP: 16/16
 21002 | Lair:6   | Entered Level 6 of the Lair of Beasts
 21035 | Lair:5   | Reached skill level 17 in Throwing
 21821 | Lair:6   | Reached skill level 10 in Fighting
 22032 | Lair:6   | Found a runed door.
 22033 | Lair:6   | Found a viscous altar of Jiyva.
 22033 | Lair:6   | Noticed an azure jelly
 22035 | Lair:6   | Found a staircase to the Slime Pits.
 22849 | Lair:6   | Received a gift from Okawaru
 24261 | D:12     | Reached skill level 18 in Throwing
 25900 | D:14     | Reached XP level 15. HP: 50/134 MP: 17/17
 26189 | D:14     | Received a gift from Okawaru
 26214 | D:14     | Received a gift from Okawaru
 26293 | D:14     | Found a gate to the Vaults.
 26941 | D:15     | Entered Level 15 of the Dungeon
 27840 | D:15     | Received a gift from Okawaru
 28962 | D:15     | Found a staircase to the Depths.
 29150 | Orc:1    | Entered Level 1 of the Orcish Mines
 29167 | Orc:1    | Paralysed by an orc sorcerer for 6 turns
 29848 | Orc:2    | Entered Level 2 of the Orcish Mines
 29952 | Orc:2    | Reached skill level 19 in Throwing
 29963 | Orc:2    | Found a staircase to the Elven Halls.
 30039 | Orc:2    | Found a dark tunnel.
 30045 | Volcano  | Entered a volcano
 30377 | Volcano  | Found a bloodstained altar of Trog.
 30413 | Volcano  | Found a radiant altar of Vehumet.
 30924 | Orc:2    | Found Fowkun's Armour Emporium.
 31183 | Orc:2    | Received a gift from Okawaru
 31254 | Orc:2    | Received a gift from Okawaru
 31254 | Orc:2    | Reached skill level 15 in Fighting
 31441 | Orc:2    | Received a gift from Okawaru
 31441 | Orc:2    | Reached XP level 16. HP: 88/149 MP: 18/18
 31675 | Orc:2    | Found Gaepacs's Food Boutique.
 31688 | Orc:2    | Found Teaz's Assorted Antiques.
 31717 | Orc:2    | Found Inoenemn's General Store.
 31718 | Orc:2    | Found Oqit's General Store.
 31725 | Orc:2    | Bought a scroll of teleportation for 105 gold pieces
 31725 | Orc:2    | Bought a scroll labeled NOUSOCH JOSCH for 35 gold pieces
 31725 | Orc:2    | Bought a pair of embroidered gloves for 262 gold pieces
 31781 | Orc:2    | Bought a potion of heal wounds for 70 gold pieces
 31781 | Orc:2    | Bought a scroll of fear for 49 gold pieces
 31781 | Orc:2    | Bought 2 potions of might for 112 gold pieces
 31781 | Orc:2    | Bought a scroll of identify for 28 gold pieces
 31781 | Orc:2    | Bought a scroll of identify for 28 gold pieces
 31793 | Orc:2    | Bought 2 potions of heal wounds for 120 gold pieces
 31793 | Orc:2    | Bought a potion of mutation for 96 gold pieces
 32067 | Snake:1  | Entered Level 1 of the Snake Pit
 32120 | Snake:1  | Received a gift from Okawaru
 32964 | Snake:1  | Found a blossoming altar of Fedhas.
 33570 | Snake:1  | Found a runed door.
 33572 | Snake:1  | Noticed Hiprih's ghost (journeyman DsFE)
 33587 | Snake:1  | Reached skill level 20 in Throwing
 33629 | Snake:1  | Received a gift from Okawaru
 35199 | Snake:1  | Killed Hiprih's ghost
 35210 | Snake:1  | Identified the Tome of Supportive Necromancy
 36489 | Snake:2  | Reached skill level 10 in Armour
 38558 | Snake:3  | Found a flickering gateway to a bazaar.
 38596 | Bazaar   | Entered a bazaar
 38597 | Bazaar   | Found Wymia's General Store.
 38597 | Bazaar   | Found Fimeutuwn's Armour Boutique.
 38598 | Bazaar   | Found Ferr's Distillery.
 38630 | Bazaar   | Found Ryrougoi's Jewellery Emporium.
 38638 | Bazaar   | Bought an uncursed ring of poison resistance for 180 gold pieces
 38651 | Bazaar   | Bought a potion of haste for 160 gold pieces
 38651 | Bazaar   | Bought a scroll of magic mapping for 56 gold pieces
 38662 | Bazaar   | Bought a potion of curing for 39 gold pieces
 38662 | Bazaar   | Bought 2 potions of agility for 104 gold pieces
 38662 | Bazaar   | Bought a potion of invisibility for 104 gold pieces
 38662 | Bazaar   | Bought a potion of agility for 52 gold pieces
 38662 | Bazaar   | Bought a potion of curing for 39 gold pieces
 38662 | Bazaar   | Bought a potion of curing for 39 gold pieces
 38675 | Bazaar   | Bought a +0 pair of boots of running for 472 gold pieces
 40405 | Snake:4  | Entered Level 4 of the Snake Pit
 41787 | Snake:4  | Received a gift from Okawaru
 41829 | Snake:4  | Reached ****** piety under Okawaru
 41859 | Snake:4  | Reached XP level 17. HP: 131/156 MP: 19/19
 41985 | Snake:4  | Received a gift from Okawaru
 42511 | Snake:4  | Reached skill level 21 in Throwing
 43014 | Snake:4  | Received a gift from Okawaru
 43244 | Snake:4  | Got a twisted large shield {god gift}
 43255 | Snake:4  | Identified the +0 large shield of Xenuzafu {rF+++ rC+ Str-5 SInv} (Okawaru gifted it to you on level 4 of the Snake Pit)
 43829 | Snake:4  | Noticed Louise
 43853 | Snake:4  | Cast into level 3 of the Abyss (Louise)
 43856 | Abyss:3  | Found a corrupted altar of Lugonu.
 43961 | Abyss:3  | Gained mutation: You tend to lose your temper in combat. [a neqoxec]
 43962 | Abyss:3  | Gained mutation: You are occasionally teleported next to monsters. [a neqoxec]
 44240 | Abyss:3  | Gained mutation: You are clumsy. (Dex -2) [a neqoxec]
 44248 | Abyss:3  | Found a corrupted altar of Lugonu.
 44296 | Abyss:3  | Paralysed by accursed screaming for 2 turns
 44430 | Abyss:3  | Found a shadowy altar of Dithmenos.
 44458 | Abyss:3  | Paralysed by an apocalypse crab for 4 turns
 44475 | Abyss:3  | HP: 3/156 [you (28)]
 44485 | Abyss:3  | Killed from afar by a shadow dragon

Vault maps used:
D:1:      dpeg_arrival_pits
D:2:      minmay_tiny_reverse_x
D:4:      grunt_temple_overflow_open, first_ration, doesnt_xom_only_xom,
          uniq_edmund
D:5:      serial_shops, kennysheep_little_box, minmay_misc_feat_five,
          chequers_big_river, nrook_mini_backslash, minmay_crossroads
D:6:      minmay_temple_entry_mist, serial_shops, shop,
          nicolae_shop_statue_plus, uniq_eustachio, uniq_prince_ribbit1
D:7:      nicolae_overflow_crystal_walls, grunt_ogre_cave
D:8:      marbit_many_paths, sword_in_stone, uniq_maurice
D:9:      lightli_church_of_beogh
D:10:     gammafunk_ghost_grave
D:11:     david_lair_generic, david_orc_1_choice, portal_ice_cave_demonic_guard,
          nooodl_food_tri, uniq_josephine, uniq_urug
D:14:     david_vaults_4, patterned_corridor, lab_entry_generic
D:15:     hangedman_depths_entry_try_elsewhere_first
Lair:1:   gammafunk_ghost_necromancy, lemuel_fruit_fields
Lair:2:   statuecave_lemuel, minmay_shoals_entry_beasts, serial_bayou_shore_a
Lair:3:   minmay_snake_entry_guardpost_small, st_stairs_5, roderic_batcave,
          tgw_fedhas
Lair:4:   kennysheep_snail_temple, uniq_rupert, uniq_snorg
Lair:6:   evilmike_catoblepas_cave, slime_altar_2, grunt_megastairs_5
Snake:1:  cheibrodos_snake_lava_hold, basic_altar,
          ebering_ghost_reflecting_pool, lemuel_fruit_tree
Snake:3:  serial_shops, bzr_entry_islet, serial_bayou_pond_c
Snake:4:  minmay_snake_end_coiled, uniq_louise
Orc:2:    st_orc_open, serial_shops, nicolae_shop_statue_plus, enter_volcano_2
Bazaar:   bazaar_minmay_plants
IceCv:    ice_cave_small_giant
Volcano:  volcano_grotto

Skill      XL: |  1  2  3  4  5  6  7  8  9 10 11 12 13 14 15 16 17 |
---------------+----------------------------------------------------+-----
Armour         | 1 2 3 4 5 7 8 12 13 | 13.6
Fighting       | 3 4 5 6 8 12 15 | 15.0
Dodging        | 3 4 5 |  5.0
Throwing       | 5 6 7 8 10 12 14 16 18 19 20 21 | 21.3
Invocations    | 2 3 5 |  5.0
Shields        | 2 11 12 14 15 | 15.0
Stealth        | |  0.7

Action                   |  1- 3 |  4- 6 |  7- 9 | 10-12 | 13-15 | 16-18 || total
-------------------------+-------+-------+-------+-------+-------+-------++-------
Melee: Short sword       |    17 |       |       |       |       |       ||    17
       Headbutt          |     5 |    10 |    29 |    29 |    21 |     2 ||    96
       Spear             |    33 |    80 |       |       |       |       ||   113
       Flail             |       |     5 |   165 |    12 |       |       ||   182
       Rapier            |       |       |       |   114 |    50 |     7 ||   171
Throw: Javelin           |    13 |    23 |    14 |   151 |   105 |    51 ||   357
       Stone             |    56 |   105 |   285 |   768 |  2836 |  1713 ||  5763
       Throwing net      |     1 |     4 |       |       |       |       ||     5
       Tomahawk          |       |       |       |       |    20 |    15 ||    35
Invok: Heroism           |       |       |     7 |    24 |    73 |     9 ||   113
       Finesse           |       |       |       |     1 |     2 |     1 ||     4
Evoke: Wand              |       |       |     1 |       |       |       ||     1
  Use: Potion            |     3 |     3 |     1 |     3 |       |    14 ||    24
       Scroll            |       |       |    17 |     7 |    16 |     9 ||    49
 Stab: Sleeping          |     1 |       |       |       |       |       ||     1
       Held in net/web   |     1 |       |       |       |       |       ||     1
       Paralysed         |       |       |     8 |       |       |       ||     8
  Eat: Chunk             |     1 |     9 |    13 |    15 |    34 |     7 ||    79
       Ration            |       |       |     1 |     1 |     4 |     9 ||    15
Armor: Leather armour    |     5 |     4 |       |       |       |       ||     9
       Ring mail         |       |    23 |       |       |       |     2 ||    25
       Scale mail        |       |     1 |    15 |       |       |       ||    16
       Chain mail        |       |       |   170 |   226 |   290 |       ||   686
       Storm dragon scal |       |       |       |       |   258 |   266 ||   524
Dodge: Dodged            |    47 |    51 |   149 |   201 |   544 |   208 ||  1200
Block: Shield            |       |       |    31 |   494 |  1450 |   784 ||  2759
       Reflection        |       |       |       |       |    31 |   100 ||   131

Table legend:
 A = Non-vault XP
 B = Vault XP
 C = Vault XP percentage of total XP
 D = Non-vault monster count
 E = Vault monster count
 F = Vault count percentage of total count
 G = Total turns spent on level
                 A         B        C        D         E       F
            +---------+---------+-------+---------+---------+-------
      Total |  152510 |   86100 |  36.1 |     676 |     245 |  26.6
            +---------+---------+-------+---------+---------+-------
        D:1 |      39 |       0 |   0.0 |      20 |       0 |   0.0
        D:2 |      84 |      15 |  15.2 |      27 |       2 |   6.9
        D:3 |     133 |       0 |   0.0 |      13 |       0 |   0.0
        D:4 |     324 |     171 |  34.5 |      16 |       1 |   5.9
        D:5 |     375 |      50 |  11.8 |      25 |       3 |  10.7
        D:6 |    1224 |     497 |  28.9 |      13 |       2 |  13.3
        D:7 |     747 |     122 |  14.0 |      12 |       1 |   7.7
        D:8 |     749 |     806 |  51.8 |      13 |       5 |  27.8
        D:9 |    2182 |     190 |   8.0 |      14 |      13 |  48.1
       D:10 |    1226 |       0 |   0.0 |      35 |       0 |   0.0
       D:11 |    1614 |    5811 |  78.3 |       9 |      26 |  74.3
       D:12 |    2573 |       0 |   0.0 |      20 |       0 |   0.0
       D:13 |    3077 |       0 |   0.0 |      22 |       0 |   0.0
       D:14 |   12487 |    1784 |  12.5 |      27 |       3 |  10.0
       D:15 |   10821 |    4072 |  27.3 |      36 |       4 |  10.0
     Lair:1 |    7020 |       0 |   0.0 |      37 |       0 |   0.0
     Lair:2 |    5684 |     769 |  11.9 |      30 |       2 |   6.2
     Lair:3 |    5448 |    1808 |  24.9 |      25 |      14 |  35.9
     Lair:4 |    5467 |    5505 |  50.2 |      20 |       6 |  23.1
     Lair:5 |    3694 |    2139 |  36.7 |      17 |       7 |  29.2
     Lair:6 |    9928 |   12582 |  55.9 |      28 |      25 |  47.2
    Snake:1 |   19280 |    6402 |  24.9 |      34 |      10 |  22.7
    Snake:2 |   11938 |       0 |   0.0 |      24 |       0 |   0.0
    Snake:3 |    8398 |       0 |   0.0 |      17 |       0 |   0.0
    Snake:4 |   20455 |   13732 |  40.2 |      42 |      28 |  40.0
      Orc:1 |    2274 |       0 |   0.0 |      26 |       0 |   0.0
      Orc:2 |    3829 |   15418 |  80.1 |      49 |      37 |  43.0
    Abyss:3 |   11440 |       0 |   0.0 |      25 |       0 |   0.0
      IceCv |       0 |    9960 | 100.0 |       0 |      36 | 100.0
    Volcano |       0 |    4267 | 100.0 |       0 |      20 | 100.0
            +---------+---------+-------+---------+---------+-------
